 Dungeon Crawl Stone Soup version 0.16.2-12-gd0ad4c3 (webtiles) character file.

15546 faibistes the Thaumaturge (level 12, -6/70 HPs)
             Began as a Deep Elf Wizard on Nov 13, 2018.
             Was a High Priest of Sif Muna.
             Mangled by a komodo dragon (24 damage)
             ... on level 2 of the Lair of Beasts.
             The game lasted 01:13:41 (23086 turns).

faibistes the Thaumaturge (Deep Elf Wizard)        Turns: 23086, Time: 01:13:41

Health: -6/70      AC:  6    Str:  7    XL:     12   Next: 2%
Magic:  11/35      EV: 16    Int: 29    God:    Sif Muna [*****.]
Gold:   658        SH:  0    Dex: 13    Spells: 10 memorised, 7 levels left

rFire  . . .     SeeInvis +     w - +5 dagger (venom)
rCold  . . .     Clarity  .     a - +0 robe
rNeg   . . .     SustAb   .     (no shield)
rPois  .         Gourm    +     b - +1 hat
rElec  .         Spirit   .     R - +2 cloak
rCorr  .         Warding  .     (no gloves)
rMut   .         Stasis   .     (no boots)
MR     +....                    q - amulet of the gourmand
Stlth  ++........               G - ring of see invisible
                                C - +3 ring of strength

@: repel missiles, somewhat resistant to hostile enchantments, unstealthy
A: no striking features
a: Channel Energy, Forget Spell, Renounce Religion


You were on level 2 of the Lair of Beasts.
You worshipped Sif Muna.
Sif Muna was extremely pleased with you.
You were very full.

You visited 3 branches of the dungeon, and saw 15 of its levels.
You also visited: Ossuary.

You collected 658 gold pieces.

Inventory:

Hand weapons
 e - a +0 club
 g - a +0 short sword
 i - a cursed +0 dagger of flaming
 w - a +5 dagger of venom (weapon)
Armour
 a - a +0 robe (worn)
 b - a +1 hat (worn)
 I - a +0 pair of gloves
 R - a +2 cloak (worn)
Magical staves
 S - an uncursed staff of poison
Jewellery
 q - an amulet of the gourmand (around neck)
 C - a +3 ring of strength (left hand)
 G - a ring of see invisible (right hand)
Magical devices
 j - a wand of disintegration (17)
 t - a wand of fire (0)
 B - a wand of confusion (9)
 E - a wand of invisibility (4)
 O - a wand of draining (7)
 T - a wand of flame (22)
 Y - a wand of slowing (24)
Scrolls
 n - 2 scrolls of blinking
 p - 2 scrolls of recharging
 u - 2 scrolls of immolation
 v - 2 scrolls of magic mapping
 y - 4 scrolls of remove curse
 A - 2 scrolls of teleportation
 M - a scroll of enchant armour
 N - a scroll of fear
 X - a scroll of amnesia
Potions
 h - 3 potions of resistance
 k - 2 potions of might
 l - 3 potions of curing
 r - 3 potions of cancellation
 s - 2 potions of ambrosia
 x - a potion of brilliance
 D - 2 potions of magic
 F - a potion of agility
 H - 2 potions of invisibility
 Q - 2 potions of restore abilities
Books
 c - a book of Minor Magic

   Spells                             Type                      Level
   a - Magic Dart                     Conjuration                  1
   b - Blink                          Translocation                2
   c - Call Imp                       Summoning                    2
   d - Repel Missiles                 Charms/Air                   2
   e - Slow                           Hexes                        2
   f - Conjure Flame                  Conjuration/Fire             3
   g - Mephitic Cloud                 Conjuration/Poison/Air       3
 o - a book of the Tempests

   Spells                             Type                      Level
   a - Static Discharge               Conjuration/Air              3
   b - Lightning Bolt                 Conjuration/Air              5
   c - Fireball                       Conjuration/Fire             5
   d - Tornado                        Air                          9
   e - Shatter                        Earth                        9
 J - a book of Beasts

   Spells                             Type                      Level
   a - Summon Butterflies             Summoning                    1
   b - Call Canine Familiar           Summoning                    3
   c - Summon Ice Beast               Ice/Summoning                4
   d - Summon Mana Viper              Hexes/Summoning              5
   e - Monstrous Menagerie            Summoning                    6
   f - Summon Hydra                   Summoning                    7
 P - a book of the Earth

   Spells                             Type                      Level
   a - Leda's Liquefaction            Hexes/Earth                  4
   b - Bolt of Magma                  Conjuration/Fire/Earth       5
   c - Statue Form                    Transmutation/Earth          6
   d - Iron Shot                      Conjuration/Earth            6
   e - Shatter                        Earth                        9
 U - the Incunabulum of the Compass and the Rocks
   (You acquired it on level 9 of the Dungeon)

   Spells                             Type                      Level
   a - Sandblast                      Earth                        1
   b - Apportation                    Translocation                1
   c - Portal Projectile              Translocation                3
   d - Teleport Other                 Translocation                3
   e - Petrify                        Transmutation/Earth          4
   f - Statue Form                    Transmutation/Earth          6
 V - a book of Air

   Spells                             Type                      Level
   a - Shock                          Conjuration/Air              1
   b - Swiftness                      Charms/Air                   2
   c - Repel Missiles                 Charms/Air                   2
   d - Flight                         Charms/Air                   3
   e - Static Discharge               Conjuration/Air              3
   f - Lightning Bolt                 Conjuration/Air              5
 Z - a book of Unlife

   Spells                             Type                      Level
   a - Recall                         Summoning/Translocation      3
   b - Animate Dead                   Necromancy                   4
   c - Control Undead                 Necromancy                   4
   d - Cigotuvi's Embrace             Necromancy                   5
   e - Death Channel                  Necromancy                   6
   f - Simulacrum                     Ice/Necromancy               6
Comestibles
 d - 7 bread rations
 f - 2 fruits
 m - 2 slices of pizza
 z - 8 meat rations
 K - 5 beef jerkies
 L - 3 chunks of flesh


   Skills:
 + Level 6.2 Fighting
 + Level 8.1 Dodging
 - Level 2.4 Stealth
 * Level 13.3 Spellcasting
 + Level 7.2 Conjurations
 + Level 3.9 Charms
 - Level 1.1 Summonings
 + Level 4.9 Translocations
 * Level 3.0 Transmutations
 * Level 4.7 Fire Magic
 - Level 3.2 Air Magic
 * Level 5.0 Earth Magic
 - Level 2.2 Poison Magic
 * Level 4.4 Invocations
 + Level 6.5 Evocations


You had 7 spell levels left.
You knew the following spells:

 Your Spells              Type           Power        Failure   Level  Hunger
a - Magic Dart            Conj           ####         1%          1    None
b - Conjure Flame         Conj/Fire      ######..     1%          3    None
c - Call Imp              Summ           ####....     2%          2    None
d - Blink                 Tloc           N/A          1%          2    None
e - Mephitic Cloud        Conj/Pois/Air  #####...     1%          3    None
f - Repel Missiles        Chrm/Air       #####.       1%          2    None
g - Petrify               Trmt/Erth      #####...     8%          4    None
v - Bolt of Magma         Conj/Fire/Erth ######....   10%         5    #......
x - Static Discharge      Conj/Air       #####...     1%          3    None
z - Fireball              Conj/Fire      ######....   10%         5    #......


Dungeon Overview and Level Annotations

Branches:
Dungeon (12/15)            Temple (1/1) D:4            Lair (2/8) D:11
    Orc (0/4) D:11

Altars:
Ashenzari
Cheibriados
Dithmenos
Elyvilon
Fedhas
Gozag
Kikubaaqudgha
Makhleb
Nemelex Xobeh
Okawaru
Qazlal
Ru
Sif Muna
Trog
Vehumet
Xom
Yredelemnul
Zin
The Shining One
Lugonu

Portals:
Trove: D:11 (give +5 demon blade)

Annotations:
D:9 1 runed door
D:10 1 runed door


Message History

Sif Muna protects you from the effects of your miscast!
The komodo dragon hisses angrily.
The wolf bites you.
The komodo dragon moves out of view.
The wolf bites you but does no damage. The wolf closely misses you.
Unknown command.
Casting: Bolt of Magma
Confirm with . or Enter, or press ? or * to list all spells.
You blink.
A porcupine comes into view.
Found a royal jelly.
Found a stone staircase leading down.
Casting: Blink
Confirm with . or Enter, or press ? or * to list all spells.
You blink.
The wolf bites you. The wolf bites you but does no damage. The wolf bites you.
* * * LOW HITPOINT WARNING * * *
Found 20 stones.
Casting: Blink
Confirm with . or Enter, or press ? or * to list all spells.
You blink.
The komodo dragon bites you!!
You die...

. #....## ....
#..†# #..>. #8†<#
.... ##...# #...
##....# .###.8.
#.h..#.
.......##.h.#....#
#.r......l...#..###
#......§.@.#...#
##.......##.......
###...### .(....
#.8. # ..... #...
.... .... . . #.##.
% .. .


You could see a komodo dragon, 2 wolves and a porcupine (sleeping).

Vanquished Creatures
  A centaur warrior (D:9)
  An unseen horror (D:11)
  2 hill giants
  A cyclops (D:11)
  A gargoyle (D:11)
  A spiny frog (Lair:1)
  A komodo dragon (D:10)
  A troll (D:10)
  2 trapdoor spiders (D:9)
  5 yaks (D:11)
  The ghost of faibistes the Magician, an average DEWz (D:4)
  4 hippogriffs
  2 wyverns
  Eustachio (D:6)
  2 wraiths
  A hungry ghost (D:9)
  3 wolves (Lair:2)
  8 orc warriors
  3 sky beasts
  A swamp drake (D:11)
  2 black bears
  2 phantoms
  7 ice beasts
  A necrophage (D:9)
  An eye of draining (D:10)
  12 ogres
  5 boring beetles
  11 centaurs
  Sigmund (D:5)
  A big kobold (D:9)
  2 wyvern zombies (D:10)
  12 giant frogs
  3 scorpions
  5 wights
  8 killer bees
  A spriggan skeleton (D:9)
  3 goliath beetles
  6 crimson imps
  7 hounds
  8 jellies
  A centaur skeleton (D:9)
  8 orc priests
  A giant frog skeleton (D:4)
  21 orc wizards
  4 iguanas
  14 worker ants
  10 sheep (Lair:1)
  Ijyb (D:2)
  4 hound zombies
  4 hound skeletons
  3 mummies (Ossuary)
  A worker ant zombie (D:8)
  Robin (D:3)
  17 adders
  4 shadow imps
  A giant mite (D:2)
  5 worms
  2 adder zombies
  3 oozes
  73 orcs
  A ball python (D:3)
  A bat zombie (D:7)
  6 giant cockroaches
  2 gnoll skeletons (Ossuary)
  12 goblins
  17 hobgoblins
  12 jackals
  8 quokkas
  14 bats
  12 giant geckos
  2 giant gecko skeletons
  2 giant newts
  4 giant spores
  2 gnoll zombies (Ossuary)
  3 goblin skeletons (Ossuary)
  3 goblin zombies (Ossuary)
  5 hobgoblin skeletons (Ossuary)
  22 kobolds
  4 kobold skeletons (Ossuary)
  3 kobold zombies (Ossuary)
  4 orc zombies (Ossuary)
  3 quokka skeletons
  12 rats
  A rat skeleton (Ossuary)
  6 rat zombies (Ossuary)
  18 ballistomycetes
497 creatures vanquished.

Vanquished Creatures (collateral kills)
  An iguana (D:5)
  A worker ant (D:5)
  2 adders
  A goblin (D:3)
  A hobgoblin (D:3)
  A kobold (D:5)
7 creatures vanquished.

Vanquished Creatures (others)
  Menkaure (Ossuary)
  A giant frog skeleton (D:11)
  A shadow imp (D:9)
  2 white imps
  A jackal (D:6)
  3 giant spores (D:11)
  2 gnoll skeletons (Ossuary)
  2 goblin zombies (Ossuary)
  A hobgoblin skeleton (Ossuary)
  A kobold skeleton (Ossuary)
  3 kobold zombies (Ossuary)
  5 orc skeletons (Ossuary)
  An orc zombie (Ossuary)
  A rat skeleton (Ossuary)
  A rat zombie (Ossuary)
  3 ballistomycetes (D:11)
29 creatures vanquished.

Grand Total: 533 creatures vanquished

Notes
Turn   | Place    | Note
--------------------------------------------------------------
     0 | D:1      | faibistes, the Deep Elf Wizard, began the quest for the Orb.
     0 | D:1      | Reached XP level 1. HP: 10/10 MP: 6/6
   298 | D:1      | Reached XP level 2. HP: 15/15 MP: 4/9
   345 | D:1      | Learned a level 2 spell: Blink
   348 | D:1      | Learned a level 2 spell: Call Imp
   888 | D:1      | Reached XP level 3. HP: 19/19 MP: 10/13
   893 | D:1      | Learned a level 3 spell: Conjure Flame
   897 | D:1      | Learned a level 3 spell: Static Discharge
   940 | D:1      | Reached skill level 5 in Spellcasting
  1909 | D:2      | Noticed Ijyb
  1957 | D:2      | Killed Ijyb
  1957 | D:2      | Reached XP level 4. HP: 20/24 MP: 0/17
  2011 | D:2      | Learned a level 2 spell: Repel Missiles
  2387 | D:2      | Found a sacrificial altar of Ru.
  2986 | D:3      | Noticed Robin
  2992 | D:3      | Killed Robin
  3356 | D:3      | Reached XP level 5. HP: 28/28 MP: 12/20
  3665 | D:5      | Entered Level 5 of the Dungeon
  3675 | D:5      | Reached skill level 6 in Spellcasting
  3861 | D:5      | Learned a level 3 spell: Mephitic Cloud
  3886 | D:6      | Noticed a black bear
  3897 | D:6      | Killed a black bear
  3897 | D:6      | Reached XP level 6. HP: 32/32 MP: 11/22
  4109 | D:3      | Reached skill level 7 in Spellcasting
  4237 | D:3      | Found an iron altar of Okawaru.
  4661 | D:4      | Found a staircase to the Ecumenical Temple.
  4664 | D:4      | Noticed an ice beast
  4679 | Temple   | Entered the Ecumenical Temple
  4752 | D:4      | Killed an ice beast
  4752 | D:4      | Reached skill level 1 in Fighting
  4752 | D:4      | Reached skill level 1 in Evocations
  4752 | D:4      | Reached XP level 7. HP: 29/38 MP: 3/25
  4855 | D:4      | Noticed faibistes' ghost (average DEWz)
  4878 | D:4      | Killed faibistes' ghost
  4878 | D:4      | Reached skill level 8 in Spellcasting
  5312 | D:5      | Noticed an ice beast
  5337 | D:4      | Killed an ice beast
  6143 | D:4      | Reached XP level 8. HP: 45/45 MP: 23/27
  6259 | D:6      | Noticed Eustachio
  6259 | D:6      | Noticed an orc warrior
  6276 | D:6      | Killed Eustachio
  6276 | D:6      | Reached skill level 9 in Spellcasting
  6709 | D:6      | Noticed an orc warrior
  6729 | D:6      | Killed an orc warrior
  6764 | D:6      | Reached skill level 5 in Dodging
  6959 | D:6      | Killed an orc warrior
  6965 | D:6      | Noticed a centaur
  6982 | D:6      | Killed a centaur
  7198 | D:6      | Reached skill level 10 in Spellcasting
  7294 | D:5      | Found a stormy altar of Qazlal.
  7297 | D:5      | Found a snail-covered altar of Cheibriados.
  7300 | D:5      | Found an ancient bone altar of Kikubaaqudgha.
  7388 | D:5      | Noticed an orc warrior
  7436 | D:5      | Noticed Sigmund
  7715 | D:5      | Killed Sigmund
  7736 | D:5      | Killed an orc warrior
  7736 | D:5      | Reached XP level 9. HP: 31/52 MP: 12/30
  7884 | D:5      | Noticed an ogre
  7894 | D:5      | Killed an ogre
  8040 | D:5      | Found a glowing golden altar of the Shining One.
  8151 | D:7      | Found a sand-covered staircase.
  8240 | Ossuary  | Entered an ossuary
  8859 | Ossuary  | Killed Menkaure
 10145 | D:7      | Reached skill level 5 in Fighting
 10500 | D:7      | Reached skill level 11 in Spellcasting
 11008 | D:6      | Reached skill level 5 in Evocations
 11073 | D:6      | Found a glowing golden altar of the Shining One.
 11082 | D:6      | Found a basalt altar of Yredelemnul.
 11656 | D:7      | Found a deep blue altar of Sif Muna.
 11659 | D:7      | Became a worshipper of Sif Muna the Loreminder
 11826 | D:7      | Reached skill level 1 in Fire Magic
 12265 | D:8      | Reached skill level 1 in Air Magic
 12341 | D:8      | Reached skill level 1 in Poison Magic
 12370 | D:8      | Found a sparkling altar of Nemelex Xobeh.
 12762 | D:8      | Acquired Sif Muna's first power
 12762 | D:8      | Reached XP level 10. HP: 59/59 MP: 20/32
 13119 | D:8      | Found a deep blue altar of Sif Muna.
 13458 | D:8      | Reached skill level 5 in Conjurations
 14070 | D:8      | Learned a level 5 spell: Bolt of Magma
 14146 | D:9      | Noticed a centaur warrior
 14171 | D:9      | Killed a centaur warrior
 14171 | D:9      | Acquired Sif Muna's second power
 14171 | D:9      | Reached skill level 12 in Spellcasting
 14171 | D:9      | Reached skill level 1 in Earth Magic
 14899 | D:9      | Found a runed door.
 15321 | D:9      | Reached skill level 1 in Charms
 15321 | D:9      | Reached skill level 1 in Invocations
 16009 | D:10     | Entered Level 10 of the Dungeon
 16299 | D:9      | Identified a scroll of acquirement
 16300 | D:9      | Identified the Incunabulum of the Compass and the Rocks (You acquired it on level 9 of the Dungeon)
 16307 | D:9      | Learned a level 5 spell: Fireball
 16348 | D:9      | Noticed a stone giant
 16414 | D:9      | Found a bloodstained altar of Trog.
 16418 | D:9      | Found a shadowy altar of Dithmenos.
 16423 | D:9      | Found a burning altar of Makhleb.
 16508 | D:10     | Found Aqanyakk's Assorted Antiques.
 17066 | D:10     | Reached XP level 11. HP: 50/64 MP: 30/34
 17401 | D:10     | Noticed a hill giant
 17572 | D:10     | Noticed a hill giant
 17585 | D:10     | Killed a hill giant
 17988 | D:10     | Found a runed door.
 19421 | D:10     | Learned a level 4 spell: Petrify
 19771 | D:11     | You fall through a shaft!
 19774 | D:11     | Noticed a hill giant
 20113 | D:11     | Killed a hill giant
 20164 | D:11     | Reached skill level 13 in Spellcasting
 20164 | D:11     | Reached skill level 1 in Transmutations
 20336 | D:11     | Acquired Sif Muna's third power
 20498 | D:11     | Noticed an unseen horror
 20501 | D:11     | Killed an unseen horror
 20980 | D:11     | Found a staircase to the Orcish Mines.
 21394 | D:11     | Found a staircase to the Lair.
 21982 | D:11     | Found a portal to a secret trove of treasure.
 22472 | Lair:1   | Entered Level 1 of the Lair of Beasts
 22882 | Lair:1   | Reached skill level 5 in Earth Magic
 23078 | Lair:2   | Reached XP level 12. HP: 66/70 MP: 31/35
 23086 | Lair:2   | Mangled by a komodo dragon

Action                   |  1- 3 |  4- 6 |  7- 9 | 10-12 || total
-------------------------+-------+-------+-------+-------++-------
Melee: Short sword       |     1 |       |       |       ||     1
       Dagger            |     8 |     7 |   111 |   310 ||   436
       Staff             |       |       |       |     3 ||     3
 Cast: Magic Dart        |    74 |   130 |   467 |   427 ||  1098
       Call Imp          |     8 |     8 |       |     3 ||    19
       Static Discharge  |     2 |     2 |    24 |    34 ||    62
       Conjure Flame     |     2 |     6 |    48 |    53 ||   109
       Blink             |     1 |     5 |    11 |    34 ||    51
       Repel Missiles    |       |     1 |     3 |     2 ||     6
       Mephitic Cloud    |       |     4 |    39 |    41 ||    84
       Bolt of Magma     |       |       |       |    15 ||    15
       Fireball          |       |       |       |    50 ||    50
Invok: Channel Energy    |       |       |       |    42 ||    42
Evoke: Wand              |       |       |     2 |     4 ||     6
  Use: Potion            |       |     2 |     2 |     1 ||     5
       Scroll            |       |       |    18 |    15 ||    33
 Stab: Sleeping          |     1 |       |     1 |     5 ||     7
       Confused          |       |       |     7 |     7 ||    14
  Eat: Chunk             |    16 |     9 |    24 |    40 ||    89
       Fruit             |       |       |       |     6 ||     6
